 Dungeon Crawl Stone Soup version 0.19-a0-1320-g0178847 (webtiles) character file.

1761909 Duffy the Wrestler (level 27, 276/276 HPs)
             Began as a Troll Gladiator on Aug 30, 2016.
             Was the Champion of Cheibriados.
             Escaped with the Orb
             ... and 3 runes on Aug 31, 2016!
             The game lasted 02:40:03 (64578 turns).

Duffy the Wrestler (Troll Gladiator)               Turns: 64578, Time: 02:40:04

Health: 276/276    AC: 23    Str: 56    XL:     27
Magic:  33/33      EV: 24    Int: 22    God:    Cheibriados [******]
Gold:   1371       SH: 18    Dex: 25    Spells: 6 memorised, 16 levels left

rFire  + + +     SeeInvis .       - Unarmed
rCold  + + .     Gourm    +     K - +4 fire dragon armour
rNeg   . . .     Faith    +     P - +2 shield of Resistance {rF+ rC+ MR+}
rPois  +         Spirit   .     H - +2 hat {MR+}
rElec  +         Dismiss  .     B - +4 dragonskin cloak
rCorr  .         Reflect  .     (gloves unavailable)
MR     ++++.     Harm     .     (boots unavailable)
Stlth  +......... Rnd*Tele +    y - amulet of faith
                                W - +3 ring of slaying
                                L - ring "Uwextisef" {*Drain rC+ Int+2 Slay+5 Stlth+, =R}

@: very slow
A: unfitting armour, antennae 1, beak, claws 3, talons 1, blurry vision 1,
deformed body, fast metabolism 3, gourmand, regeneration 1, screaming 1, shaggy
fur 1, strong 1, teleportitis 1, tough skin 2
a: Bend Time, Temporal Distortion, Slouch, Step From Time, Renounce Religion
0: Orb of Zot
}: 3/15 runes: serpentine, barnacled, silver


You escaped.
You worshipped Cheibriados.
Cheibriados was exalted by your worship.
You were not hungry.

You visited 9 branches of the dungeon, and saw 49 of its levels.
You also visited: Labyrinth, Sewer and Desolation.

You collected 7811 gold pieces.
You spent 6440 gold pieces at shops.

Inventory:

Missiles
 i - 15 throwing nets
 p - 102 large rocks (quivered)
Armour
 B - the +4 dragonskin cloak (worn)
   (You took it off Tiamat on level 4 of the Realm of Zot)
 H - a +2 hat of magic resistance (worn)
 K - a +4 fire dragon armour (worn)
 P - the +2 shield of Resistance (worn) {rF+ rC+ MR+}
   (You found it on level 9 of the Dungeon)

   It protects you from fire.
   It protects you from cold.
   It affects your resistance to hostile enchantments.
Jewellery
 l - an uncursed ring of resist corrosion
 y - an amulet of faith (around neck)
 D - the ring of the Heavens {rElec rPois rN+ Str-2 Dex+5}
   (You bought it in a shop on level 4 of the Depths)

   [ring of dexterity]

   It affects your strength (-2).
   It affects your dexterity (+5).
   It insulates you from electricity.
   It protects you from poison.
   It protects you from negative energy.
 L - the ring "Uwextisef" (left claw) {*Drain rC+ Int+2 Slay+5 Stlth+, =R}
   (You bought it in a shop on level 4 of the Depths)

   [ring of protection from cold]

   It affects your intelligence (+2).
   It affects your accuracy and damage with ranged weapons and melee attacks
   (+5).
   It protects you from cold.
   It causes draining when unequipped.
   It makes you more stealthy.
 Q - an uncursed ring of see invisible
 T - an uncursed ring of protection from magic
 W - a +3 ring of slaying (right claw)
Wands
 c - a wand of teleportation (4/9)
 u - a wand of disintegration (9/24)
 M - a wand of heal wounds (9/9)
 O - a wand of digging (6/24)
 U - a wand of heal wounds (4/9)
Scrolls
 h - 21 scrolls of remove curse
 m - 10 scrolls of fear
 n - a scroll of fog
 o - 12 scrolls of recharging
 r - 2 scrolls of teleportation
 s - 3 scrolls of silence
 t - 8 scrolls of blinking
 w - 10 scrolls of vulnerability
 N - 12 scrolls of identify
Potions
 e - 17 potions of curing
 k - 9 potions of might
 q - 2 potions of resistance
 v - 7 potions of agility
 x - 4 potions of flight
 z - 17 potions of brilliance
 A - 3 potions of invisibility
 J - a potion of magic
 S - 4 potions of cancellation
Miscellaneous
 b - 2 phantom mirrors
 f - a sack of spiders
 V - 3 boxes of beasts
 X - a phial of floods
 Y - a fan of gales
 Z - a lamp of fire
Comestibles
 a - 16 beef jerkies
 d - 26 bread rations
 j - 55 fruits
 C - 30 meat rations


   Skills:
 - Level 16.8 Fighting
 - Level 15.0 Throwing
 - Level 14.2 Armour
 - Level 15.8 Dodging
 - Level 9.0 Shields
 - Level 21.0 Unarmed Combat
 - Level 2.5 Spellcasting
 - Level 6.5 Charms
 - Level 6.4 Necromancy
 - Level 9.0 Translocations
 - Level 3.8 Air Magic
 + Level 15.8 Invocations
 - Level 10.5 Evocations


You had 16 spell levels left.
You knew the following spells:

 Your Spells              Type           Power        Failure   Level  Hunger
a - Apportation           Tloc           #####.....   1%          1    None
c - Portal Projectile     Tloc           #####.       1%          3    ###....
g - Passage of Golubria   Tloc           N/A          6%          4    ####...
j - Regeneration          Chrm/Necr      ####......   4%          3    ###....
m - Repel Missiles        Chrm/Air       ####..       3%          2    ##.....
B - Blink                 Tloc           N/A          1%          2    ##.....


Dungeon Overview and Level Annotations

Branches:
Dungeon (15/15)            Temple (0/1) D:6            Lair (6/6) D:9
 Shoals (4/4) Lair:3        Snake (4/4) Lair:4        Slime (0/5) Lair:5
    Orc (2/2) D:12            Elf (3/3) Orc:2        Vaults (5/5) D:14
  Crypt (0/3) Vaults:2     Depths (5/5) D:15            Zot (5/5) Depths:5

Altars:
Cheibriados
Dithmenos
Hepliaklqana
Nemelex Xobeh
Okawaru
Ru
Trog
Uskayaw
Zin
The Shining One

Shops:
D:9 [   D:11 [   D:14 %   Orc:1 *?}!   Orc:2 %!*(   Elf:1 (   Elf:3 (
Shoals:4 !   Snake:1 [   Snake:3 [   Vaults:4 :   Depths:2 [   Depths:3 :([%
Depths:4 =   Depths:5 }=}

Portals:
Hell: Depths:1 Depths:2 Depths:3 Depths:4 Depths:5
Abyss: Depths:4
Pandemonium: Depths:3 Depths:5
Ziggurat: Depths:1

Annotations:
Elf:2 5 runed doors, exclusion: 5 doors
Depths:1 exclusion: obsidian statue
Zot:2 exclusion: upstairs


Innate Abilities, Weirdness & Mutations

You are too large for most types of armour.
You have claws for hands.
Your metabolism is lightning-fast.
You like to eat raw meat.
Your natural rate of healing is unusually fast.
You are covered in fur. (AC +1)
You have very tough skin. (AC +2)
You have a pair of small antennae on your head.
You have a beak for a mouth.
You have sharp toenails.
Scrolls take you a little longer to read.
Armour fits poorly on your strangely shaped body.
You occasionally shout uncontrollably at your foes.
Your muscles are strong. (Str +2)
You are occasionally teleported next to monsters.


Message History

Aim: a chaos spawn You throw a large rock.
The large rock hits the chaos spawn!!
You kill the chaos spawn!
Cheibriados thoroughly appreciates the change of pace.
The chaos spawn degenerates into a cloud of primal chaos!
(D) Dungeon (T) Temple (L) Lair (A) Shoals (P) Snake Pit (M) Slime Pits (O) Orcish Mines (E) Elven Halls (V) Vaults (C) Crypt (U) Depths (H) Hell (Z) Zot
Where to? (* - list waypoints, Enter - D:1 @ (x,y), ? - help)
There is an open door here.
There is a stone staircase leading up here.
You climb upwards.
There is a stone staircase leading down here.
There is a stone staircase leading up here.
You climb upwards.
There is a stone staircase leading down here.
There is an open door here.
There is a staircase leading out of the dungeon here.
You have escaped!

.###......##### #.# #.#
+###......############.######.#
..........##00000~0~##.##.....#
...(......#~~~0000~0~#)##%##..#
.......##.#~~#~000#~~#.##.##..#
.......##.#~0~000~0~~#.##.##..#
.......##.#~00~0~0 ~~#.##.##..#
....(..##.############.##.##..###
.......##..'....@....#.##.##.....
.......##.############.##.##.####
.......##.#00~~~00 0~#.##.##.#
#########.#00~~000~~~#.##..#.#
#.#00#~~00#~~#.###.#.#
#.#0~000~00~~#.###.#.#
#.##00~~~~0~##...#.#.####
####..##########....#.#.)...
#...................#.##....


There were no monsters in sight!

Vanquished Creatures
  An ancient lich (Zot:2)
  Tiamat (Zot:4)
  An orb of fire (Zot:5)
  A juggernaut (Depths:5)
  Frederick (Vaults:3)
  Margery (Depths:3)
  Bai Suzhen (Depths:3)
  2 curse toes (Zot:4)
  5 caustic shrikes
  6 golden dragons
  Jory (Vaults:4)
  the Enchantress (Depths:1)
  5 bone dragons
  Nikola (Elf:1)
  2 electric golems
  Jorgrun (Shoals:1)
  Rupert (Lair:5)
  9 Orb Guardians
  Asterion (Depths:3)
  6 tentacled monstrosities
  6 titans
  7 liches
  2 deep elf blademasters (Elf:3)
  3 quicksilver dragons
  Polyphemus (Shoals:2)
  2 deep elf master archers (Elf:3)
  4 death cobs
  A kraken (Shoals:2)
  11 sphinxes
  Gastronok (D:8)
  An Executioner (D:13)
  Frances (Shoals:1)
  10 tengu reavers
  A storm dragon (shapeshifter) (Vaults:1)
  Ilsuiw (Shoals:4)
  12 storm dragons
  Roxanne (Snake:4)
  11 shadow dragons
  9 greater nagas
  A draconian monk (Zot:4)
  2 ghost moths
  14 fire giants
  An orc warlord (Orc:2)
  An iron dragon (Depths:4)
  2 draconian scorchers
  18 vault wardens
  3 draconian zealots (Zot:2)
  3 large abominations
  9 deep elf sorcerers
  11 frost giants
  A cacodemon (Depths:5)
  4 draconian knights
  Aizul (Depths:3)
  A ghoul (Vaults:2)
  5 war gargoyles
  4 draconian shifters
  19 ironheart preservers
  24 stone giants
  35 very ugly things
  3 spriggan defenders (Depths:1)
  A caustic shrike skeleton (Depths:2)
  A vampire knight (Depths:5)
  4 entropy weavers
  6 green draconians
  3 draconian callers
  13 deep elf annihilators
  10 deep elf demonologists
  5 black draconians
  9 red draconians
  5 mottled draconians
  3 white draconians
  An eidolon (Vaults:2)
  7 yellow draconians
  5 purple draconians
  A minotaur (Lab)
  26 ettins
  2 crystal guardians
  2 ragged hierophants
  8 merfolk impalers
  8 deep elf death magi
  5 merfolk javelineers
  16 fire dragons
  3 jiangshi (Depths:1)
  24 yaktaur captains
  6 rakshasas
  Fannar (D:12)
  3 deep elf high priests
  7 great orbs of eyes
  21 naga warriors
  20 ice dragons
  31 vault guards
  Harold (Lair:3)
  7 hydras
  3 alligator snapping turtles
  3 spriggan air magi
  13 centaur warriors
  16 ogre magi
  9 anacondas
  A catoblepas (Shoals:1)
  3 merfolk aquamancers
  6 satyrs
  9 deep troll shamans
  6 merfolk avatars
  2 death yaks (Shoals:1)
  A vampire mage (Depths:1)
  3 spriggan berserkers
  3 death knights
  16 dancing weapons
  8 deep troll earth magi
  6 tengu warriors
  17 naga sharpshooters
  3 orc high priests
  9 shock serpents
  A soul eater (Depths:1)
  9 deep elf knights
  A sun demon (Depths:4)
  Nergalle (D:12)
  5 salamander mystics
  A storm dragon skeleton (Vaults:5)
  5 hell knights (Depths:3)
  9 skeletal warriors (Vaults:2)
  5 giant orange brains
  2 unseen horrors
  33 deep trolls
  A sea snake (shapeshifter) (Vaults:2)
  16 sea snakes
  4 wizards
  5 flayed ghosts
  9 naga ritualists
  9 hill giants
  6 deep elf archers
  17 harpies
  A torturous demonspawn (Depths:5)
  12 orc knights
  19 ironbrand convokers
  9 mana vipers
  A lindwurm (Lair:4)
  A harpy (shapeshifter) (D:15)
  A sphinx zombie (Depths:2)
  A fire giant zombie (Vaults:5)
  A tengu zombie (Vaults:2)
  7 phantasmal warriors
  3 wolf spiders
  13 griffons
  2 hornets
  6 orc sorcerers
  17 fauns
  8 necromancers
  A shining eye (shapeshifter) (Depths:1)
  61 deep elf magi
  A wolf spider (shapeshifter) (Vaults:5)
  6 cyclopes
  19 manticores
  A frost giant zombie (Depths:2)
  64 ugly things
  Maurice (Orc:1)
  35 slime creatures
  2 stone giant zombies (Depths:1)
  10 elephants
  13 sirens
  25 naga magi
  4 moths of wrath
  10 salamanders
  8 guardian serpents
  2 black mambas (shapeshifter)
  47 black mambas
  A fire giant skeleton (Vaults:1)
  7 water nymphs
  A smoke demon (Depths:4)
  A water nymph (shapeshifter) (Depths:4)
  Joseph (D:8)
  A guardian serpent (shapeshifter) (Vaults:1)
  2 rust devils (Depths:5)
  13 vault sentinels
  A torpor snail (Lair:6)
  An elf zombie (Vaults:5)
  4 gargoyles
  11 spiny frogs
  The ghost of Rationalist the Shield-Bearer, a novice MiFi of Trog (D:5)
  2 rime drakes
  3 human zombies
  An orange demon (Depths:5)
  11 komodo dragons
  An efreet (D:6)
  12 freezing wraiths
  A hellwing (Depths:4)
  2 ice devils (D:12)
  A demonic crawler (D:10)
  6 tengu conjurers
  71 yaktaurs
  6 trolls
  A merfolk (shapeshifter) (Depths:4)
  2 red devils
  A polar bear (shapeshifter) (D:15)
  6 meliai (D:14)
  A yaktaur skeleton (Vaults:2)
  32 merfolk
  8 polar bears (Lair:6)
  A jumping spider (shapeshifter) (Vaults:5)
  5 wind drakes
  A meliai (shapeshifter) (Vaults:4)
  7 saltlings
  A tengu simulacrum (Vaults:1)
  29 two-headed ogres
  A jumping spider (Vaults:3)
  3 raiju (Lair:6)
  A sphinx simulacrum (Vaults:1)
  6 dream sheep (Lair:6)
  9 boulder beetles
  7 snapping turtles
  15 blink frogs
  A minotaur skeleton (Lab)
  A fire giant simulacrum (Vaults:5)
  A stone giant simulacrum (Vaults:5)
  A meliai zombie (D:15)
  A spriggan (shapeshifter) (Vaults:4)
  Sigmund (D:2)
  4 air elementals
  A deep troll skeleton (Depths:1)
  A redback (shapeshifter) (Vaults:5)
  4 redbacks (Vaults:4)
  2 spriggans (Depths:1)
  3 shadows
  A tarantella (shapeshifter) (Vaults:2)
  7 water elementals
  2 vampires
  61 yaks
  A wyvern (shapeshifter) (Depths:2)
  4 wyverns
  11 basilisks
  6 wraiths
  A fire elemental (Elf:3)
  Grum (D:8)
  A spriggan skeleton (Depths:1)
  A human (shapeshifter) (Vaults:5)
  11 hungry ghosts
  A basilisk (shapeshifter) (D:15)
  17 hippogriffs
  2 fire bats (Depths:4)
  A hippogriff (shapeshifter) (D:15)
  A steam dragon (Lair:4)
  A steam dragon (shapeshifter) (D:14)
  2 chaos spawn
  2 neqoxecs
  A spriggan simulacrum (Depths:2)
  13 wargs
  8 mottled dragons
  74 nagas
  2 nagas (shapeshifter)
  A soldier ant (D:14)
  18 water moccasins
  5 hell hounds (Lair:6)
  10 porcupines
  A giant eyeball (Depths:5)
  2 ice beasts
  3 swamp drakes (Lair:6)
  2 ettin simulacra
  13 black bears (Lair:6)
  4 eyes of draining
  48 orc warriors
  2 sky beasts (D:10)
  50 ogres
  An elf skeleton (Vaults:2)
  2 phantoms
  A wasp (D:15)
  2 boggarts (shapeshifter)
  3 human skeletons
  4 necrophages
  A boggart (D:14)
  24 wolves
  20 centaurs
  15 crocodiles
  30 giant frogs
  3 big kobolds
  5 earth elementals
  3 glowing shapeshifter simulacra
  A gnoll sergeant (D:12)
  A water moccasin zombie (D:6)
  7 scorpions
  5 killer bees (D:12)
  3 vampire bats (Orc:2)
  7 wights
  8 howler monkeys
  7 crimson imps
  An electric eel (Lair:2)
  A lava snake (Lair:2)
  A giant frog zombie (D:9)
  3 human simulacra
  2 quasits
  5 jellies
  4 centaur zombies
  26 hounds
  28 orc priests
  2 giant frog skeletons
  5 centaur skeletons
  2 iron imps
  38 orc wizards
  16 worker ants
  14 iguanas
  3 hound zombies
  2 hound skeletons (D:8)
  A worker ant zombie (D:5)
  21 adders
  5 gnolls
  20 river rats
  7 shadow imps
  An ufetubus (Depths:5)
  An ooze (D:4)
  2 adder zombies (D:7)
  An adder skeleton (D:10)
  6 worms
  5 dart slugs
  4 giant geckos
  105 orcs
  6 giant cockroaches
  5 goblins
  4 hobgoblins
  15 jackals
  2 quokkas
  A ball python (D:3)
  14 bats
  A giant gecko skeleton (D:5)
  2 giant newts (D:2)
  19 kobolds
  A quokka zombie (D:7)
  14 rats
  A fungus (D:9)
  2 plants (Lair:6)
  3 tentacles (Shoals:2)
2535 creatures vanquished.

Vanquished Creatures (collateral kills)
  A purple draconian (Zot:4)
1 creature vanquished.

Vanquished Creatures (others)
  A golden dragon (Zot:2)
  A draconian knight (Zot:2)
  An ironheart preserver (Vaults:3)
  Nessos (D:13)
  A cyclops (D:14)
  2 ogres
  A centaur (D:13)
  A crocodile (Lair:5)
  An orc wizard (Orc:2)
  A gnoll (D:12)
  23 fungi
  38 plants
  20 tentacles
92 creatures vanquished.

Grand Total: 2628 creatures vanquished

Notes
Turn   | Place    | Note
-------+----------+-------------------------------------------
     0 | D:1      | Duffy the Troll Gladiator began the quest for the Orb.
     0 | D:1      | Reached XP level 1. HP: 19/19 MP: 0/0
   178 | D:1      | Reached XP level 2. HP: 24/27 MP: 1/1
   437 | D:1      | Reached skill level 4 in Unarmed Combat
   699 | D:2      | Found a snail-covered altar of Cheibriados.
   707 | D:2      | Became a worshipper of Cheibriados the Contemplative
   718 | D:2      | Noticed Sigmund
   764 | D:2      | Killed Sigmund
   764 | D:2      | Reached skill level 6 in Unarmed Combat
   764 | D:2      | Reached XP level 3. HP: 24/33 MP: 2/2
   764 | D:2      | Reached XP level 4. HP: 30/41 MP: 3/3
   764 | D:2      | Reached XP level 5. HP: 36/48 MP: 4/4
  1452 | D:2      | Reached * piety under Cheibriados
  1693 | D:3      | Found a shadowy altar of Dithmenos.
  2159 | D:4      | Reached XP level 6. HP: 36/55 MP: 5/5
  2203 | D:4      | Reached skill level 7 in Unarmed Combat
  2629 | D:4      | Reached ** piety under Cheibriados
  2923 | D:5      | Entered Level 5 of the Dungeon
  2985 | D:5      | Noticed Rationalist's ghost (novice MiFi)
  3004 | D:5      | Killed Rationalist's ghost
  3004 | D:5      | Reached skill level 8 in Unarmed Combat
  3004 | D:5      | Reached XP level 7. HP: 17/62 MP: 6/6
  3113 | D:5      | Reached skill level 9 in Unarmed Combat
  3285 | D:5      | Found a glowing drain.
  3296 | Sewer    | Entered a sewer
  3528 | D:5      | Found an iron altar of Okawaru.
  3549 | D:5      | Reached *** piety under Cheibriados
  3704 | D:5      | Reached XP level 8. HP: 70/70 MP: 7/7
  3727 | D:5      | Reached skill level 10 in Unarmed Combat
  3834 | D:5      | Found a glowing golden altar of the Shining One.
  4062 | D:6      | Found a hazy altar of Hepliaklqana.
  4465 | D:6      | Reached **** piety under Cheibriados
  4584 | D:6      | Found a staircase to the Ecumenical Temple.
  4978 | D:7      | Reached XP level 9. HP: 83/84 MP: 8/8
  5018 | D:7      | Found a sacrificial altar of Ru.
  5110 | D:7      | Reached skill level 5 in Dodging
  5135 | D:7      | You fall through a shaft for 2 floors!
  5135 | D:9      | Found a staircase to the Lair.
  5189 | D:9      | Reached skill level 1 in Invocations
  5192 | D:9      | Reached skill level 5 in Fighting
  5199 | D:9      | Reached ***** piety under Cheibriados
  5320 | D:8      | Noticed a purple ugly thing
  5325 | D:8      | Noticed Grum
  5340 | D:8      | Killed a purple ugly thing
  5350 | D:8      | Reached XP level 10. HP: 98/98 MP: 12/12
  5390 | D:8      | Killed Grum
  5566 | D:7      | Found an iron altar of Okawaru.
  5569 | D:7      | Found a sacrificial altar of Ru.
  5572 | D:7      | Found a sparkling altar of Nemelex Xobeh.
  5958 | D:8      | Reached skill level 5 in Invocations
  6019 | D:8      | Noticed Joseph
  6031 | D:8      | Noticed Gastronok
  6034 | D:8      | Killed Joseph
  6051 | D:8      | Killed Gastronok
  6190 | D:8      | Learned a level 1 spell: Apportation
  6261 | D:8      | Found a bloodstained altar of Trog.
  6732 | D:9      | Noticed an ice dragon
  6735 | D:9      | Found a runed door.
  6735 | D:9      | Noticed an ice dragon
  6735 | D:9      | Noticed a fire dragon
  6736 | D:9      | Found a runed door.
  6738 | D:9      | Noticed a fire dragon
  6901 | D:9      | Reached XP level 11. HP: 107/109 MP: 14/14
  7104 | D:9      | Found Nudush's Armour Shoppe.
  7231 | D:10     | Entered Level 10 of the Dungeon
  7319 | D:10     | Noticed a hill giant
  7321 | D:10     | Killed a hill giant
  8017 | D:11     | Found Irribota's Antique Armour Shoppe.
  8019 | D:11     | Noticed a hill giant
  8027 | D:11     | Killed a hill giant
  8027 | D:11     | Reached skill level 1 in Shields
  8174 | D:11     | Bought an embroidered robe for 17 gold pieces
  8410 | D:11     | Noticed a green ugly thing
  8417 | D:11     | Killed a green ugly thing
  8424 | D:11     | Reached ****** piety under Cheibriados
  8978 | D:12     | Noticed a deep elf mage
  8984 | D:12     | Killed a deep elf mage
  9074 | D:12     | Reached XP level 12. HP: 108/119 MP: 17/17
  9147 | D:12     | Learned a level 2 spell: Repel Missiles
  9152 | D:12     | Learned a level 3 spell: Regeneration
  9174 | D:12     | Noticed Fannar
  9192 | D:12     | Killed Fannar
  9516 | D:12     | Reached skill level 5 in Shields
  9617 | D:12     | Noticed Nergalle
  9630 | D:12     | Killed Nergalle
  9771 | D:12     | Found a staircase to the Orcish Mines.
 10117 | D:9      | Killed an ice dragon
 10186 | D:8      | Killed an ice dragon
 10283 | D:9      | Killed a fire dragon
 10283 | D:9      | Reached skill level 11 in Unarmed Combat
 10364 | D:9      | Killed a fire dragon
 10805 | D:13     | Noticed a seven-headed hydra
 10806 | D:13     | Noticed Nessos
 10810 | D:13     | Noticed a centaur warrior
 10814 | D:13     | Killed a centaur warrior
 10903 | D:13     | Killed Nessos
 10975 | D:14     | Noticed a centaur warrior
 10980 | D:14     | Killed a centaur warrior
 10982 | D:14     | Reached skill level 12 in Unarmed Combat
 11123 | D:14     | Noticed a centaur warrior
 11134 | D:14     | Killed a centaur warrior
 11134 | D:14     | Reached XP level 13. HP: 104/127 MP: 18/18
 11168 | D:14     | Found Puta's Food Boutique.
 11695 | D:14     | Reached skill level 13 in Unarmed Combat
 12769 | Lair:1   | Entered Level 1 of the Lair of Beasts
 13739 | Lair:2   | Found a snail-covered altar of Cheibriados.
 14515 | Lair:3   | Found a staircase to the Shoals.
 14518 | Lair:3   | Reached skill level 5 in Throwing
 14595 | Lair:3   | Reached skill level 14 in Unarmed Combat
 14673 | Lair:3   | Found a labyrinth entrance.
 14691 | Lab      | Entered a labyrinth
 15122 | Lab      | Reached XP level 14. HP: 136/136 MP: 19/19
 15549 | Lair:3   | Noticed Harold
 15562 | Lair:3   | Killed Harold
 16256 | Lair:4   | You fall through a shaft for 2 floors!
 16256 | Lair:6   | Entered Level 6 of the Lair of Beasts
 16589 | Lair:6   | Reached skill level 15 in Unarmed Combat
 17676 | Lair:6   | Reached XP level 15. HP: 146/148 MP: 20/20
 17997 | Lair:5   | Reached skill level 10 in Fighting
 18427 | Lair:5   | Noticed Rupert
 18449 | Lair:5   | Killed Rupert
 18449 | Lair:5   | Reached skill level 10 in Dodging
 18520 | Lair:5   | Found a staircase to the Slime Pits.
 18770 | Lair:5   | Learned a level 4 spell: Passage of Golubria
 18971 | Lair:4   | Found a staircase to the Snake Pit.
 19877 | Orc:1    | Entered Level 1 of the Orcish Mines
 20064 | Orc:1    | Found Waun Dauno's Magic Scroll Boutique.
 20177 | Orc:1    | Found Uhisu's Distillery.
 20212 | Orc:1    | Found Tyschu's Gadget Emporium.
 20218 | Orc:1    | Noticed Maurice
 20222 | Orc:1    | Killed Maurice
 20296 | Orc:1    | Found Zity's General Store.
 20473 | Orc:2    | Entered Level 2 of the Orcish Mines
 20631 | Orc:2    | Reached skill level 1 in Evocations
 20769 | Orc:2    | Found a staircase to the Elven Halls.
 20999 | Orc:2    | Found Vioxtah's General Store.
 20999 | Orc:2    | Found Estoh's Food Emporium.
 20999 | Orc:2    | Found Roannys's Distillery.
 21002 | Orc:2    | Found Vierr's Weapon Shoppe.
 21482 | Orc:1    | Bought a scroll of blinking for 105 gold pieces
 21482 | Orc:1    | Bought a scroll of identify for 28 gold pieces
 21482 | Orc:1    | Bought a scroll of identify for 28 gold pieces
 21482 | Orc:1    | Bought a scroll of identify for 28 gold pieces
 21482 | Orc:1    | Bought a scroll of identify for 28 gold pieces
 21482 | Orc:1    | Bought a scroll of identify for 28 gold pieces
 21482 | Orc:1    | Bought a scroll of blinking for 105 gold pieces
 21482 | Orc:1    | Bought a scroll of identify for 28 gold pieces
 21482 | Orc:1    | Bought a scroll of identify for 28 gold pieces
 21508 | Orc:1    | Bought a potion of might for 44 gold pieces
 21508 | Orc:1    | Bought a potion of resistance for 110 gold pieces
 21508 | Orc:1    | Bought a potion of curing for 33 gold pieces
 21508 | Orc:1    | Bought 2 potions of might for 88 gold pieces
 21508 | Orc:1    | Bought a potion of heal wounds for 55 gold pieces
 21542 | Orc:2    | Bought a potion of agility for 56 gold pieces
 21542 | Orc:2    | Bought a potion of heal wounds for 70 gold pieces
 21542 | Orc:2    | Bought a potion of curing for 42 gold pieces
 21542 | Orc:2    | Bought a potion of heal wounds for 70 gold pieces
 21542 | Orc:2    | Bought a potion of magic for 112 gold pieces
 21595 | Orc:1    | Bought a wand of heal wounds (5/9) for 756 gold pieces
 21732 | D:15     | Entered Level 15 of the Dungeon
 21991 | D:15     | Reached skill level 5 in Evocations
 22242 | D:15     | Reached skill level 1 in Armour
 22701 | D:15     | Reached XP level 16. HP: 158/158 MP: 21/21
 22714 | D:15     | Found a staircase to the Depths.
 22722 | Depths:1 | Entered Level 1 of the Depths
 23034 | Depths:1 | Found a gateway to a ziggurat.
 23744 | Depths:1 | Gained mutation: You are dopey. (Int -2) [a shining eye]
 23745 | Depths:1 | Lost mutation: You are dopey. (Int -2) [a shining eye]
 23747 | Depths:1 | Gained mutation: Your body sometimes deteriorates upon taking damage. [a shining eye]
 23774 | Depths:2 | Found a hide-covered altar of Uskayaw.
 23774 | Depths:2 | Noticed a caustic shrike
 23774 | Depths:2 | Noticed a caustic shrike
 23774 | Depths:2 | Noticed a shadow dragon
 23774 | Depths:2 | Noticed a shadow dragon
 23785 | Depths:1 | Killed a caustic shrike
 23813 | Depths:1 | Reached skill level 10 in Throwing
 24043 | Depths:1 | Noticed the Enchantress
 24046 | Depths:1 | Killed the Enchantress
 24078 | Depths:1 | Reached skill level 16 in Unarmed Combat
 24211 | Depths:1 | Got a faerie dragon armour
 24222 | Depths:1 | Identified the +2 faerie dragon armour {Str+8 Dex-4 Clar} (You took it off the Enchantress on level 1 of the Depths)
 24546 | Depths:1 | Noticed a lich
 24553 | Depths:1 | Noticed a Hell Sentinel
 24556 | Depths:1 | Killed a lich
 24616 | Depths:1 | Gained mutation: You have a pair of small antennae on your head. [mutagenic meat]
 24619 | Depths:1 | Gained mutation: Your spells are a little harder to cast, but a little more powerful. [mutagenic meat]
 24622 | Depths:1 | Gained mutation: You tend to lose your temper in combat. [mutagenic meat]
 24816 | Depths:1 | Found a gateway to Hell.
 24894 | Depths:1 | Reached XP level 17. HP: 126/170 MP: 22/22
 25912 | Depths:3 | Found Ahemett's Book Emporium.
 25916 | Depths:3 | Noticed Bai Suzhen
 25972 | Depths:2 | Gained mutation: You have sharp toenails. [potion of mutation]
 25972 | Depths:2 | Gained mutation: You have a beak for a mouth. [potion of mutation]
 25972 | Depths:2 | Gained mutation: You are clumsy. (Dex -2) [potion of mutation]
 26123 | Depths:2 | Found Ikumaan's Armour Boutique.
 26456 | Depths:2 | Noticed a lich
 26735 | Orc:2    | Bought a scroll of magic mapping for 45 gold pieces
 26735 | Orc:2    | Bought a scroll of magic mapping for 45 gold pieces
 26737 | Orc:2    | Bought a potion of brilliance for 56 gold pieces
 26737 | Orc:2    | Bought a potion of ambrosia for 112 gold pieces
 26779 | Orc:1    | Bought a scroll of recharging for 123 gold pieces
 27046 | Snake:1  | Entered Level 1 of the Snake Pit
 27194 | Snake:1  | Reached skill level 17 in Unarmed Combat
 27553 | Orc:1    | Lost mutation: You have sharp toenails. [potion of cure mutation]
 27553 | Orc:1    | Lost mutation: You have a pair of small antennae on your head. [potion of cure mutation]
 27553 | Orc:1    | Lost mutation: Your body sometimes deteriorates upon taking damage. [potion of cure mutation]
 27553 | Orc:1    | Lost mutation: You tend to lose your temper in combat. [potion of cure mutation]
 27553 | Orc:1    | Lost mutation: Your spells are a little harder to cast, but a little more powerful. [potion of cure mutation]
 27553 | Orc:1    | Lost mutation: You are clumsy. (Dex -2) [potion of cure mutation]
 28156 | Snake:1  | Found Ciopeala's Armour Shop.
 28424 | Snake:1  | Reached skill level 5 in Armour
 29367 | Snake:3  | Found a glowing silver altar of Zin.
 29437 | Snake:3  | Found Iveaff's Antique Armour Shoppe.
 30282 | Snake:4  | Entered Level 4 of the Snake Pit
 30293 | Snake:3  | Reached XP level 18. HP: 166/182 MP: 23/23
 30383 | Snake:4  | Reached skill level 1 in Necromancy
 30406 | Snake:4  | Reached skill level 1 in Charms
 30705 | Snake:4  | Reached skill level 1 in Spellcasting
 31562 | Snake:4  | Reached skill level 5 in Necromancy
 32036 | Snake:4  | Noticed Roxanne
 32164 | Snake:4  | Killed Roxanne
 32367 | Snake:4  | Reached skill level 5 in Charms
 33035 | Snake:4  | Got a serpentine rune of Zot
 33088 | Snake:4  | Reached XP level 19. HP: 166/189 MP: 24/24
 33474 | Elf:1    | Entered Level 1 of the Elven Halls
 33585 | Elf:1    | Reached skill level 1 in Air Magic
 33720 | Elf:1    | Found a ruined silver gateway.
 33728 | Desolati | Entered the Desolation of Salt
 33917 | Elf:1    | Found Fiw Cou's Weapon Shoppe.
 33926 | Elf:1    | Bought a throwing net for 45 gold pieces
 33936 | Elf:1    | Noticed Nikola
 33947 | Elf:1    | Killed Nikola
 34190 | Elf:1    | Identified the Volume of Summoning
 34197 | Elf:1    | Identified the cursed +1 troll leather armour "Ugguw" {*Corrode rElec Regen+ Str+2 Slay+2} (You found it on level 1 of the Elven Halls)
 34595 | Elf:2    | Found Hiokk's Gadget Emporium.
 34742 | Elf:2    | Found a huge runed gate.
 34742 | Elf:2    | Found a huge runed gate.
 34742 | Elf:2    | Found a huge runed gate.
 34742 | Elf:2    | Found a huge runed gate.
 34742 | Elf:2    | Found a huge runed gate.
 35004 | Elf:3    | Entered Level 3 of the Elven Halls
 35140 | Elf:3    | Found Dicemiro's Antique Weapon Shop.
 35871 | Orc:2    | Bought a potion of beneficial mutation for 490 gold pieces
 35871 | Orc:2    | Gained mutation: You have sharp toenails. [potion of beneficial mutation]
 36077 | Shoals:1 | Entered Level 1 of the Shoals
 37108 | Shoals:2 | Noticed Frances
 37108 | Shoals:2 | Noticed Jorgrun
 37110 | Shoals:2 | Noticed Polyphemus
 37126 | Shoals:1 | Killed Jorgrun
 37254 | Shoals:1 | Killed Frances
 37352 | Shoals:2 | Killed Polyphemus
 38350 | Shoals:3 | Gained mutation: Your muscles are strong. (Str +2) [potion of beneficial mutation]
 38398 | Shoals:3 | Reached XP level 20. HP: 134/202 MP: 25/25
 39088 | Shoals:4 | Entered Level 4 of the Shoals
 39194 | Shoals:4 | Identified Jedoane's Papyrus of Transmigration
 39279 | Shoals:4 | Found Hyqorry's Distillery.
 39288 | Shoals:4 | Bought a potion of invisibility for 88 gold pieces
 39288 | Shoals:4 | Bought 2 potions of heal wounds for 110 gold pieces
 39288 | Shoals:4 | Bought a potion of might for 44 gold pieces
 39288 | Shoals:4 | Bought a potion of might for 44 gold pieces
 40029 | Shoals:4 | Reached skill level 10 in Armour
 40115 | Shoals:4 | Got a barnacled rune of Zot
 40437 | Shoals:4 | Identified the Incunabulum of Glacial Attacks
 40457 | Shoals:4 | Noticed Ilsuiw
 40832 | Shoals:4 | Killed Ilsuiw
 42128 | Elf:3    | Reached skill level 10 in Invocations
 42315 | Elf:3    | Got a smoking golden ring
 42342 | Elf:3    | Identified the ring "Unukhumojan" {MR+ Str+2 Stlth+} (You took it off a deep elf death mage on level 3 of the Elven Halls)
 42414 | Elf:3    | Reached XP level 21. HP: 142/214 MP: 4/28
 43547 | D:14     | Found a gate to the Vaults.
 43728 | Vaults:1 | Entered Level 1 of the Vaults
 45180 | Vaults:3 | Noticed Frederick
 45195 | Vaults:3 | Killed Frederick
 46199 | Vaults:5 | Entered Level 5 of the Vaults
 46203 | Vaults:5 | Noticed a golden dragon
 46203 | Vaults:5 | Reached skill level 18 in Unarmed Combat
 46203 | Vaults:5 | Reached XP level 22. HP: 220/224 MP: 14/30
 46935 | Vaults:2 | Found a staircase to the Crypt.
 49608 | Vaults:3 | Reached skill level 15 in Fighting
 49968 | Vaults:4 | Noticed Jory
 49978 | Vaults:4 | Killed Jory
 50185 | Vaults:4 | Found Piro's Book Shop.
 50490 | Vaults:4 | Reached XP level 23. HP: 201/235 MP: 31/31
 51799 | Depths:2 | Reached skill level 19 in Unarmed Combat
 52032 | Depths:1 | Killed a caustic shrike
 52173 | Depths:2 | Noticed a caustic shrike
 52185 | Depths:2 | Killed a caustic shrike
 52450 | Depths:3 | Found a one-way gate leading to the halls of Pandemonium.
 52623 | Depths:3 | Upgraded the game from 0.19-a0-1292-g796ee4d to 0.19-a0-1320-g0178847
 52685 | Depths:3 | Bought a book of Spatial Translocations for 1235 gold pieces
 52689 | Depths:3 | Learned a level 2 spell: Blink
 52726 | Depths:3 | Noticed Aizul
 52734 | Depths:3 | Killed Aizul
 52734 | Depths:3 | Reached skill level 1 in Translocations
 52773 | Depths:3 | Found Yfups's Antique Weapon Emporium.
 52828 | Depths:3 | Killed Bai Suzhen
 53048 | Depths:3 | Found Kuelonen's Antique Armour Boutique.
 53086 | Depths:3 | Noticed Asterion
 53275 | Depths:4 | Identified a scroll of acquirement
 53323 | Depths:4 | Identified the +0 shield "Fisac" {rPois rCorr Slay+3} (You acquired it on level 4 of the Depths)
 53367 | Depths:3 | Killed Asterion
 53367 | Depths:3 | Reached skill level 5 in Translocations
 53414 | Depths:3 | Noticed Margery
 53423 | Depths:3 | Killed Margery
 53620 | Depths:3 | Found Qupatz's Food Shoppe.
 54043 | Depths:4 | Reached XP level 24. HP: 245/245 MP: 31/31
 54602 | Depths:4 | Found Nihara's Jewellery Shoppe.
 54675 | Depths:4 | Bought the ring "Uwextisef" {*Drain rC+ Int+2 Slay+5 Stlth+} for 761 gold pieces
 55102 | Depths:5 | Entered Level 5 of the Depths
 55137 | Depths:4 | Gained mutation: You have a pair of small antennae on your head. [potion of beneficial mutation]
 55327 | Depths:5 | Found a gate to the Realm of Zot.
 55879 | Depths:5 | Identified Sif Muna's Handbook of Freezing Necromancy
 56072 | Depths:5 | Noticed a juggernaut
 56076 | Depths:5 | Killed a juggernaut
 56209 | Depths:5 | Found Worejeg's Gadget Shop.
 56209 | Depths:5 | Found Hegim's Jewellery Shoppe.
 56210 | Depths:5 | Found Xir Uqiv's Gadget Shop.
 56225 | Depths:5 | Bought a wand of teleportation (4/9) for 552 gold pieces
 56323 | Depths:4 | Found a one-way gate to the infinite horrors of the Abyss.
 57003 | Depths:4 | Reached skill level 15 in Dodging
 57352 | Depths:4 | Reached skill level 20 in Unarmed Combat
 57531 | Depths:4 | Identified the Guide on the Mountains and Poison
 57852 | Depths:3 | Reached XP level 25. HP: 174/256 MP: 27/31
 58963 | Vaults:5 | Got a silver rune of Zot
 60056 | Vaults:5 | Identified the cursed +0 cloak "Yriuzy" {+Fly} (You found it on level 5 of the Vaults)
 60622 | Vaults:5 | Identified the Disquisition on the Shifting Rocks
 60624 | Vaults:5 | Identified the Volume of Cold and Dislocation
 60846 | Depths:3 | Learned a level 3 spell: Portal Projectile
 60927 | Zot:1    | Entered Level 1 of the Realm of Zot
 60961 | Zot:2    | Noticed an ancient lich
 61164 | Zot:1    | Reached XP level 26. HP: 246/269 MP: 31/31
 61223 | Zot:1    | Reached skill level 21 in Unarmed Combat
 61365 | Zot:2    | Reached skill level 15 in Throwing
 62252 | Zot:2    | Killed an ancient lich
 62355 | Zot:4    | Reached skill level 15 in Invocations
 62387 | Zot:5    | Entered Level 5 of the Realm of Zot
 62466 | Zot:5    | Noticed Tiamat
 62771 | Zot:4    | Killed Tiamat
 63570 | Depths:4 | Bought the ring of the Heavens {rElec rPois rN+ Str-2 Dex+5} for 831 gold pieces
 63784 | Zot:5    | Reached XP level 27. HP: 276/276 MP: 33/33
 63828 | Zot:5    | Reached skill level 10 in Evocations
 63917 | Zot:5    | Noticed an orb of fire
 63919 | Zot:5    | Gained mutation: You are occasionally teleported next to monsters. [an orb of fire]
 63926 | Zot:5    | Gained mutation: You occasionally shout uncontrollably at your foes. [an orb of fire]
 63930 | Zot:5    | Gained mutation: Armour fits poorly on your strangely shaped body. [an orb of fire]
 63935 | Zot:5    | Killed an orb of fire
 64028 | Zot:5    | Noticed an ancient lich
 64036 | Zot:5    | Got the Orb of Zot
 64043 | Zot:5    | Noticed an orb of fire
 64044 | Zot:5    | Gained mutation: Scrolls take you a little longer to read. [an orb of fire]
 64046 | Zot:5    | Noticed an ancient lich
 64047 | Zot:5    | Noticed an orb of fire
 64208 | Depths:3 | Noticed Humeplog the pandemonium lord
 64254 | D:15     | Noticed Jout the pandemonium lord
 64578 | D:$      | Escaped with the Orb!

Vault maps used:
D:1:      saegor_arrival_miasma
D:2:      minmay_diamond_boxcup, cheibriados_altar_1, uniq_sigmund
D:3:      grunt_dithmenos_smoke, first_bread
D:5:      kennysheep_mini_moat, gup_sewer_entry_pipe, hangedman_decor_growths,
          okawaru_gym_becter
D:6:      basic_altar
D:7:      grunt_temple_overflow_diamond, nicolae_ru_sacrificial_ziggurat
D:8:      lemuel_crystal_altar, serial_undead, serial_undead_b, serial_undead_e,
          serial_undead_e, serial_undead_a, serial_undead_e, uniq_grum,
          uniq_gastronok, uniq_joseph
D:9:      due_lair_maze_entry_diamond, serial_glass, glass_columns_a,
          glass_columns_b, glass_columns_c, glass_columns_a, glass_columns_a,
          glass_columns_c, serial_shops, shop, minmay_guarded_unrand_resistance
D:10:     blue_anna_alchemist
D:11:     serial_shops, shop_statue
D:12:     david_orc_4, portal_ice_cave_demonic_guard, uniq_nergalle, uniq_fannar
D:13:     kennysheep_generic_room_13, uniq_nessos
D:14:     hangedman_vaults_entry_quadrant_bands, serial_park_square3,
          serial_shops, kennysheep_mini
D:15:     gammafunk_enter_depths_forms, serial_curves, eino_curves_04,
          eino_curves_04, eino_curves_02
Lair:2:   basic_altar, serial_bayou_pond_d, infiniplex_staircase_pool
Lair:3:   elwin_shoals_entry_rocks, lab_entry_generic, beast_lair_carwin_5,
          uniq_harold
Lair:4:   guppyfry_snake_entry_island
Lair:5:   dpeg_slime_entry_corner, serial_forest,
          infiniplex_forest_lined_room_2, infiniplex_forest_lined_3,
          infiniplex_forest_lined_1, infiniplex_forest_lined_corner,
          infiniplex_forest_clump_curved, infiniplex_forest_straight_3,
          uniq_rupert
Lair:6:   hangedman_lair_caniforms_friends, guppyfry_lair_end_dragon,
          hangedman_lair_unloving_vines, grunt_megastairs_3
Shoals:2: uniq_frances, uniq_polyphemus, uniq_jorgrun
Shoals:4: shoals_end_simple, shoals_ilsuiw_alternative, serial_shops,
          nicolae_shop_trees
Snake:1:  serial_shops, shop, grunt_ministairs_11
Snake:2:  st_stairs_9, serial_bayou_shore_b
Snake:3:  serial_shops, nicolae_shop_behind_doors, basic_altar,
          minmay_snake_pond, grunt_megastairs_1, serial_bayou_shore_b
Snake:4:  johnstein_snake_rune_scales, serial_bayou_pond_d, uniq_roxanne
Orc:1:    serial_shops, nicolae_shop_behind_doors, nicolae_shop_statue_plus,
          shop, shop_scrolls, uniq_maurice
Orc:2:    st_orc_mages, roderic_batcave
Elf:1:    minmay_elf_arrival_summoners, portal_desolation_entry_ruin,
          serial_shops, nicolae_shop_trees, minmay_elf_demonology,
          item_on_display_a, uniq_nikola
Elf:2:    serial_shops, shop
Elf:3:    elf_hall, serial_shops, shop
Vaults:1: v_misc_29, nicolae_vaults_stairing_the_circle, v_misc_8,
          ontoclasm_vaults_pinch, v_misc_24, hangedman_vaults_pinch,
          nicolae_vaults_mini_display_case
Vaults:2: ontoclasm_vaults_loading_screen, nicolae_vaults_branching_niches,
          minmay_crypt_entry_simple_sparse, vaults_room_corners,
          hangedman_vaults_stagger, v_misc_10, grunt_vaults_funnel,
          nicolae_vaults_little_squares_2, vaults_dpeg_cross,
          grunt_vaults_hallway_long
Vaults:3: nicolae_vaults_minivaults, hangedman_vaults_cutoff,
          nicolae_vaults_yaktaur_gun_rack, vaults_mumra_chevron_long,
          v_pattern_1, nicolae_vaults_disjoint_gnomons, vaults_dpeg_spiral,
          vaults_room_corners, nicolae_vaults_back_hallway,
          vaults_room_grunt_arrival_ludios, ontoclasm_vaults_loading_screen,
          grunt_vaults_diagonal, uniq_frederick
Vaults:4: nicolae_vaults_bisected_exclaves, ontoclasm_vaults_bender,
          vaults_room_grunt_arrival_checkpoint, nicolae_vaults_shelves_hall,
          vaults_room_corners, ontoclasm_vaults_shuriken,
          ontoclasm_vaults_ring_large, vaults_room_door_ring,
          nicolae_vaults_specimen_jars, v_pattern_3, v_alt_pattern_1, v_misc_9,
          nicolae_vaults_circle_grid_b, serial_shops, nicolae_shop_behind_doors,
          uniq_jory
Vaults:5: serial_shops
Depths:1: enter_ziggurat_e, hangedman_tar_grid_catacomb, grunt_ministairs_10,
          hangedman_devilish_allure, uniq_enchantress
Depths:2: regret_index_uskayaw_diablada_macabre, serial_shops, shop,
          grunt_hell_entry_dis_grunt
Depths:3: minmay_containers, hell_entry, pan_entry, serial_shops, shop, shop,
          shop, shop, infiniplex_staircase_zigzag_1, uniq_bai_suzhen,
          uniq_margery, uniq_aizul, uniq_asterion
Depths:4: minmay_broken_ring, abyss_entry, minmay_stone_trees_medium,
          hellmouth_1, serial_bayou_shore_b, infiniplex_staircase_spiral_double,
          grunt_megastairs_4, minmay_shop_star
Depths:5: grunt_crosshair, grunt_pan_entry_zigzag, hell_entry,
          hangedman_decor_lopped, minmay_shop_grove
Zot:1:    grunt_ministairs_13
Zot:2:    hangedman_zot_vaults_quadrants
Zot:4:    st_small_dragon_hoard_1, basic_stair_grate_trap, grunt_megastairs_2
Zot:5:    st_stairs_10, basic_stair_grate_trap, uniq_tiamat
Lab:      labyrinth_mini_lab, lab_block, nicolae_lab_dead_end,
          nicolae_lab_statue, labyrinth_skeletal_remains, nicolae_lab_arrow,
          nicolae_lab_checkerboard, nicolae_lab_grate, nicolae_lab_grate_2
Sewer:    sewer_the_crocodile

Skill      XL: |  1  2  3  4  5  6  7  8  9 10 11 12 13 14 15 16 17 18 19 20 21 22 23 24 25 26 27 |
---------------+----------------------------------------------------------------------------------+-----
Unarmed Combat | 6 8 9 10 12 14 15 16 17 18 19 20 21 | 21.0
Fighting       | 4 5 7 8 9 10 11 12 13 14 15 16 | 16.8
Dodging        | 4 6 7 8 9 10 11 12 13 14 15 | 15.8
Invocations    | 4 6 9 10 12 15 | 15.8
Shields        | 4 7 9 |  9.0
Throwing       | 5 7 8 10 11 12 13 14 15 | 15.0
Evocations     | 6 9 10 | 10.5
Armour         | 2 3 7 9 10 11 12 13 14 | 14.2
Necromancy     | 6 |  6.4
Charms         | 6 |  6.5
Spellcasting   | 2 |  2.5
Air Magic      | 3 |  3.8
Translocations | 6 9 |  9.0

Action                   |  1- 3 |  4- 6 |  7- 9 | 10-12 | 13-15 | 16-18 | 19-21 | 22-24 | 25-27 || total
-------------------------+-------+-------+-------+-------+-------+-------+-------+-------+-------++-------
Melee: Unarmed           |    63 |   136 |   229 |   583 |  1270 |  1328 |  1528 |  1403 |   760 ||  7300
       Punch             |       |     5 |    16 |    18 |       |       |       |       |       ||    39
       Peck              |       |       |       |       |       |   288 |   482 |   521 |   289 ||  1580
       Kick              |       |       |       |       |       |    36 |   658 |   771 |   431 ||  1896
Throw: Large rock        |       |       |       |       |    25 |    16 |     2 |     9 |   168 ||   220
       Throwing net      |       |       |       |       |     2 |       |     2 |       |     2 ||     6
       Tomahawk          |       |       |       |       |       |       |     1 |       |       ||     1
 Cast: Repel Missiles    |       |       |       |       |     3 |     8 |     3 |     8 |     7 ||    29
       Regeneration      |       |       |       |       |       |     3 |     3 |    19 |    67 ||    92
       Blink             |       |       |       |       |       |       |       |     1 |     3 ||     4
       Apportation       |       |       |       |       |       |       |       |       |     2 ||     2
       Portal Projectile |       |       |       |       |       |       |       |       |     2 ||     2
Invok: Slouch            |       |       |       |     9 |    14 |     5 |    22 |     8 |     1 ||    59
       Temporal Distorti |       |       |       |       |       |     7 |    10 |    11 |     7 ||    35
       Step From Time    |       |       |       |       |       |       |       |     1 |     1 ||     2
Evoke: Wand              |       |       |       |     4 |     8 |     4 |     8 |     6 |     9 ||    39
       Lamp of fire      |       |       |       |       |       |       |       |     1 |       ||     1
  Use: Scroll            |       |     5 |     5 |     9 |    18 |     8 |    15 |     9 |    17 ||    86
       Potion            |       |       |     2 |     2 |     3 |     8 |     9 |     4 |    11 ||    39
 Stab: Sleeping          |       |     4 |     1 |     4 |     8 |       |       |       |       ||    17
       Distracted        |       |       |       |     2 |     2 |     1 |       |       |     5 ||    10
       Held in net/web   |       |       |       |       |     1 |       |     5 |       |       ||     6
       Invisible         |       |       |       |       |       |       |     6 |       |       ||     6
  Eat: Chunk             |     9 |    20 |    20 |    44 |    86 |    67 |    94 |    83 |    36 ||   459
       Beef jerky        |       |       |       |       |     3 |       |       |       |     9 ||    12
       Pizza             |       |       |       |       |     1 |       |       |       |       ||     1
Armor: Robe              |    29 |    28 |    60 |    92 |       |       |       |       |       ||   209
       Skin              |       |       |    26 |    12 |       |       |       |       |       ||    38
       Mottled dragon ar |       |       |       |     5 |   213 |    76 |       |       |       ||   294
       Fire dragon armou |       |       |       |       |       |   161 |   443 |   360 |   197 ||  1161
Dodge: Dodged            |    45 |    51 |   114 |   330 |   647 |   610 |   891 |   685 |   525 ||  3898
       Deflected         |       |       |       |       |     3 |    35 |     6 |    28 |    25 ||    97
Block: Other             |       |     8 |    20 |    26 |       |       |       |       |       ||    54
       Shield            |       |       |       |   270 |   987 |  1096 |  1312 |   984 |   530 ||  5179
       Reflection        |       |       |       |    23 |     6 |       |       |       |       ||    29
